 Dungeon Crawl Stone Soup version 0.31.0-11-ge490571c62 (webtiles) character file.

Game seed: 7170693811569533815

2753 ChrisAssaf the Charlatan (level 9, -4/65 HPs)
             Began as a Human Artificer on Jan 31, 2024.
             Was an Elder of Nemelex Xobeh.
             Shot with an arrow by a centaur (12 damage)
             ... on level 7 of the Dungeon.
             The game lasted 00:32:52 (5958 turns).

ChrisAssaf the Charlatan (Human Artificer)          Turns: 5958, Time: 00:32:53

Health: -4/65      AC:  6    Str: 14    XL:     9   Next: 68%
Magic:  11/11      EV: 13    Int: 14    God:    Nemelex Xobeh [****..]
Gold:   1150       SH:  0    Dex: 14    Spells: 10/10 levels left

rFire   + . .        l - +5 falchion (freeze)
rCold   + . .        (no shield)
rNeg    . . .        m - +1 leather armour {rF+}
rPois   .            (no helmet)
rElec   .            (no cloak)
rCorr   .            (no gloves)
SInv    .            (no boots)
Will    .....        D - amulet of regeneration
Stlth   ++           a - ring of protection from cold
HPRegen 1.10/turn    t - ring of wizardry
MPRegen 0.12/turn

%: wizardry (x1)
@: no status effects
A: explore regen, iridescent scales 1, inability to drink after injury 1
a: Renounce Religion, Draw Escape, Draw Destruction, Draw Summoning, Triple
Draw, Deal Four


You were on level 7 of the Dungeon.
You worshipped Nemelex Xobeh.
Nemelex Xobeh was greatly pleased with you.
You visited 1 branch of the dungeon, and saw 7 of its levels.
You also visited: Ossuary.

You collected 1150 gold pieces.

Inventory:

Hand Weapons
 l - a +5 falchion of freezing (weapon)
Missiles
 n - 7 javelins
Armour
 m - a +1 leather armour of fire resistance (worn)
Jewellery
 a - a ring of protection from cold (left hand)
 b - a ring of willpower
 c - a ring of ice
 f - an amulet of magic regeneration
 t - a ring of wizardry (right hand)
 w - an amulet of reflection
 B - a ring of protection from cold
 C - a ring of magical power
 D - an amulet of regeneration (around neck)
Talismans
 i - a flux talisman
Wands
 d - a wand of charming (2)
 j - a wand of flame (17)
 k - a wand of polymorph (8)
 y - a wand of paralysis (1)
Scrolls
 o - a scroll of teleportation
 u - a scroll of noise
 A - a scroll of fog
Potions
 e - 4 potions of attraction {unknown}
 g - a potion of cancellation {unknown}
 h - a potion of mutation
 p - a potion of magic
 q - a potion of curing
 r - a potion of haste
 s - a potion of brilliance {unknown}
 v - 2 potions of degeneration
 x - a potion of enlightenment {unknown}
 z - a potion of ambrosia {unknown}
 E - a potion of invisibility {unknown}


   Skills:
 * Level 4.1 Fighting
 * Level 3.4(4.7) Short Blades
 * Level 5.0(5.5) Long Blades
 * Level 3.1 Maces & Flails
 * Level 2.4 Throwing
 * Level 4.5 Armour
 * Level 4.5 Dodging
 * Level 3.5 Stealth
 + Level 0.4 Shields
 * Level 1.4 Spellcasting
 * Level 3.2 Invocations
 * Level 5.3 Evocations
 * Level 1.9 Shapeshifting


You had 10 spell levels left.
You didn't know any spells.
Your spell library was empty.

Dungeon Overview and Level Annotations

Branches:
Dungeon (7/15)             Temple (0/1) D:5         Ossuary (visited)

Altars:
Elyvilon
Fedhas
Nemelex Xobeh
Qazlal
Ru
Uskayaw
Yredelemnul


Innate Abilities, Weirdness & Mutations

You regain HP and MP as you explore.
You are partially covered in iridescent scales. (AC +2)
You occasionally lose the ability to drink potions when taking damage.


Message History

The centaur wields a +4 shortbow.
The centaur shoots an arrow.
The arrow hits you. Something hits you but does no damage.
The centaur shoots an arrow.
The arrow closely misses you.
Found 15 gold pieces.
The centaur shoots an arrow.
The arrow hits you! Something hits you. Something shocks you.
The centaur shoots an arrow.
The arrow hits you!
The centaur shoots an arrow.
The arrow hits you!
The centaur shoots an arrow.
The arrow barely misses you. Something hits you. Something shocks you.
Okay, then.
As you read the scroll of teleportation, it crumbles to dust.
You feel strangely unstable. Something hits you but does no damage.
The centaur shoots an arrow.
The arrow hits you.
* * * LOW HITPOINT WARNING * * *
A centaur is nearby!
Your unstable footing causes you to fumble your attack.
Something hits you but does no damage.
The centaur shoots an arrow.
The arrow hits you but does no damage.
You barely miss something. Something hits you.
* * * LOW HITPOINT WARNING * * *
Something shocks you.
* * * LOW HITPOINT WARNING * * *
Your unstable footing causes you to fumble your attack.
Something hits you but does no damage.
You closely miss something.
Your surroundings seem slightly different.
Found a stone staircase leading up.
The centaur shoots an arrow.
The arrow hits you!
* * * LOW HITPOINT WARNING * * *
A centaur opens the door.
The centaur shoots an arrow.
The arrow hits you!
* * * LOW HITPOINT WARNING * * *
Okay, then.
You feel better.
Aiming: Throw Flame
Press: ? - help, Shift-Dir - straight line
Okay, then.
The centaur shoots an arrow.
The arrow hits you!
* * * LOW HITPOINT WARNING * * *
You feel better.
The centaur shoots an arrow.
The arrow hits you!
You die...
Your body glows with a rainbow of weird colours and disappears.

#.(........
#......<... .
#..###.##
..##########..######
.......#...........#
.......#...........#
...<...#.....###...#
..~~~..~.###.###...+
~~~.~..@~~##.#≈#...#
.♣..~~.≈#..##.#≈#..##
..~.~.~.~..##..~...##
.....≈.♣~~~....~.....
.~~.≈...≈c~....~.....
..~.~≈~~'.....#≈#....
.....~~~≈.....#≈##+##
.....♣.♣~~~...#≈#
..≈.~..~......###


You could see a centaur.

Vanquished Creatures
  Prince Ribbit (D:6)
  Sigmund (D:6)
  Eustachio (D:4)
  A wyvern (D:6)
  Duvessa (D:4)
  2 ice beasts
  A centaur (D:6)
  A phantom (D:6)
  A gnoll sergeant (D:5)
  A scorpion (D:5)
  Dowan (D:4)
  2 bullfrog zombies (Ossuary)
  A bombardier beetle (D:6)
  3 hounds
  A jelly (D:6)
  5 mummies (Ossuary)
  A gnoll bouda (D:5)
  2 orc wizards
  Ijyb (D:4)
  4 crocodile zombies (Ossuary)
  3 hound zombies (Ossuary)
  Robin (D:4)
  6 howler monkey zombies (Ossuary)
  10 gnolls
  5 adders
  A river rat (D:6)
  A white imp (D:6)
  4 ufetubi
  3 dart slugs
  2 ribbon worms (D:2)
  9 orcs
  10 ball pythons
  10 endoplasms
  2 giant cockroaches (D:2)
  17 goblins
  6 hobgoblins
  9 jackals
  10 kobolds
  4 quokkas
  9 ball python zombies (Ossuary)
  6 bats
  2 frilled lizards
  3 rats
165 creatures vanquished.

Vanquished Creatures (collateral kills)
  The ghost of puppykicker the Cleaver, an amateur HORe of Beogh (D:5)
  A water moccasin skeleton (D:5)
  A centaur zombie (D:5)
  A bullfrog skeleton (D:5)
  2 orc priests (D:3)
  An orc wizard (D:3)
  11 gnolls
  An adder (D:4)
  2 ufetubi (D:5)
  4 orcs (D:3)
  An endoplasm (D:1)
  3 goblins
  A jackal (D:2)
  A quokka (D:1)
  A ball python (D:4)
  A goblin zombie (D:5)
  2 kobolds
  A quokka zombie (D:5)
  A rat (D:2)
37 creatures vanquished.

Vanquished Creatures (others)
  Jessica (D:2)
  An iguana (D:5)
  A gnoll (D:2)
  A jackal (D:4)
  A kobold (D:3)
5 creatures vanquished.

Grand Total: 207 creatures vanquished

Notes
Turn   | Place    | Note
-------+----------+-------------------------------------------
     0 | D:1      | ChrisAssaf the Human Artificer began the quest for the Orb.
     0 | D:1      | Reached XP level 1. HP: 15/15 MP: 1/1
    61 | D:1      | Reached XP level 2. HP: 14/21 MP: 2/2
   144 | D:2      | Noticed Jessica
   159 | D:2      | Reached XP level 3. HP: 12/26 MP: 3/3
   189 | D:2      | Found a faded altar of an unknown god.
   205 | D:2      | Reached XP level 4. HP: 32/32 MP: 4/4
   210 | D:2      | Your ally Jessica died
   248 | D:2      | Prayed at the altar of an unknown god.
   248 | D:2      | Became a worshipper of Nemelex Xobeh the Trickster
   248 | D:2      | Reached * piety under Nemelex Xobeh
   248 | D:2      | Received a gift from Nemelex Xobeh
   378 | D:2      | Reached skill level 1 in Maces & Flails
   741 | D:2      | Reached skill level 1 in Short Blades
   784 | D:2      | Reached XP level 5. HP: 20/37 MP: 5/5
  1618 | D:1      | Reached ** piety under Nemelex Xobeh
  2025 | D:3      | Identified the +0 trident of the Imbibing Gods {venom,
                  | Will+ Str+6 Int-2}
  2494 | D:3      | Reached XP level 6. HP: 11/44 MP: 6/6
  2497 | D:3      | Reached skill level 1 in Invocations
  2921 | D:4      | Noticed Dowan
  2921 | D:4      | Noticed Duvessa
  2925 | D:4      | Reached skill level 1 in Long Blades
  2933 | D:4      | Noticed Ijyb
  2936 | D:4      | Killed Duvessa
  2944 | D:4      | Killed Ijyb
  2944 | D:4      | Killed Dowan
  2945 | D:4      | Reached XP level 7. HP: 50/50 MP: 8/8
  2948 | D:4      | Reached skill level 1 in Throwing
  2998 | D:4      | Noticed Robin
  3027 | D:4      | Killed Robin
  3151 | D:4      | Found a stormy altar of Qazlal.
  3161 | D:4      | Noticed Eustachio
  3202 | D:4      | Killed Eustachio
  3275 | D:4      | Identified a scroll of acquirement
  3275 | D:4      | Acquired 864 gold pieces
  3282 | D:4      | Found a basalt altar of Yredelemnul.
  3282 | D:4      | Reached *** piety under Nemelex Xobeh
  3282 | D:4      | Received a gift from Nemelex Xobeh
  3449 | D:4      | Found a blossoming altar of Fedhas.
  3630 | D:5      | Entered Level 5 of the Dungeon
  3676 | D:5      | Found a sacrificial altar of Ru.
  3708 | D:5      | Found a sand-covered staircase.
  3716 | Ossuary  | Entered an ossuary
  3775 | Ossuary  | Reached XP level 8. HP: 56/57 MP: 9/9
  4037 | Ossuary  | Reached skill level 1 in Shapeshifting
  4129 | Ossuary  | Received a gift from Nemelex Xobeh
  4597 | D:5      | Found a runed translucent gate.
  4597 | D:5      | Found a runed translucent gate.
  4597 | D:5      | Found a runed translucent gate.
  4601 | D:5      | Noticed puppykicker's ghost (amateur HORe)
  4621 | D:5      | Reached skill level 5 in Evocations
  4629 | D:5      | Killed puppykicker's ghost
  4630 | D:5      | Reached XP level 9. HP: 43/64 MP: 9/11
  4831 | D:5      | Found a staircase to the Ecumenical Temple.
  5011 | D:5      | Reached skill level 1 in Spellcasting
  5017 | D:5      | Found a white marble altar of Elyvilon.
  5134 | D:6      | Noticed Prince Ribbit
  5175 | D:6      | Killed Prince Ribbit
  5200 | D:6      | Gained mutation: You are partially covered in iridescent
                  | scales. (AC +2) [potion of mutation]
  5200 | D:6      | Gained mutation: You occasionally lose the ability to drink
                  | potions when taking damage. [potion of mutation]
  5268 | D:6      | Noticed Sigmund
  5427 | D:6      | Killed Sigmund
  5428 | D:6      | Reached skill level 5 in Long Blades
  5914 | D:7      | Received a gift from Nemelex Xobeh
  5914 | D:7      | Reached **** piety under Nemelex Xobeh
  5919 | D:7      | Found a hide-covered altar of Uskayaw.
  5957 | D:7      | HP: 2/65 [centaur/arrow (11)]
  5958 | D:7      | Shot with an arrow by a centaur

Illustrated notes

Levels and vault maps discovered:
D:1:      dpeg_arrival_more_subterranean_lakeside_camping, layout_loops_ring,
          minmay_misc_feat_plants, bh_walls_and_bars
D:2:      layout_rooms, shapermc_ecumenical_altar_starsandcircs,
          minmay_pentomino_u4, uniq_jessica
D:3:      layout_loops_ring
D:4:      layout_rooms, grunt_temple_overflow_forces_of_nature,
          amcnicky_altar_gilded, uniq_robin, uniq_duvessa, uniq_eustachio,
          uniq_ijyb
D:5:      layout_gridville, mainiacjoe_overflow_24_doors, hangedman_ru_absence,
          minmay_temple_entry_mini_moons, gammafunk_ghost_necromancy,
          enter_ossuary_4
D:6:      layout_cave_pools, uniq_prince_ribbit1, uniq_sigmund
D:7:      layout_gridville, mainiacjoe_overflow_brackets,
          mainiacjoe_overflow_boulevard, evilmike_ruin_ashenzari, serial_rivers,
          chequers_serial_rivers_room_b, chequers_serial_rivers_micro_a,
          chequers_serial_rivers_large_a, chequers_serial_rivers_marsh,
          chequers_serial_rivers_micro_a, chequers_serial_rivers_micro_d,
          enter_bailey_3

Skill      XL: |  1  2  3  4  5  6  7  8  9 |
---------------+----------------------------+-----
Evocations     | 4 5 |  5.3
Maces & Flails | 1 2 3 |  3.1
Short Blades   | 1 2 3 |  3.4
Dodging        | 2 3 4 |  4.5
Fighting       | 2 3 4 |  4.1
Stealth        | 2 3 |  3.5
Invocations    | 1 2 3 |  3.2
Long Blades    | 1 2 4 5 |  5.0
Armour         | 3 4 |  4.5
Throwing       | 1 2 |  2.4
Shapeshifting  | 1 |  1.9
Spellcasting   | 1 |  1.4
Shields        | |  0.4

Action                     |  1- 3 |  4- 6 |  7- 9 || total
---------------------------+-------+-------+-------++-------
  Melee: Club              |     3 |       |       ||     3
         Dagger            |     4 |       |       ||     4
         Short sword       |     8 |   163 |       ||   171
         Punch             |       |     2 |     5 ||     7
         Falchion          |       |    37 |   389 ||   426
  Throw: Javelin           |       |     6 |       ||     6
 Invoke: Draw Summoning    |       |     2 |     4 ||     6
         Draw Destruction  |       |     3 |     8 ||    11
         Draw Escape       |       |       |     5 ||     5
         Triple Draw       |       |       |     1 ||     1
  Evoke: Wand              |    12 |    14 |    15 ||    41
    Use: Scroll            |       |     7 |    16 ||    23
         Potion            |       |     3 |     6 ||     9
   Stab: Sleeping          |     1 |     7 |     3 ||    11
         Distracted        |       |       |     3 ||     3
         Paralysed         |       |       |     4 ||     4
 Armour: Leather armour    |    13 |   152 |   361 ||   526
  Dodge: Dodged            |    16 |   183 |   314 ||   513
  Block: Other             |       |       |    46 ||    46
         Reflection        |       |       |     1 ||     1
